Oilers vs Devils

Created - December 10, 2024 at 19:24

Goals
1 2 3 T
Oilers 0 2 0 2
Devils 2 2 0 4
Shots
1 2 3 T
Oilers 15 9 1 25
Devils 12 9 4 25

1st period

1. Devils , Nick Palmieri 5 (Damon Severson 7, Tyler Ennis 20) at 1:40
2. Devils , Tyler Ennis 9 (Nazem Kadri 12, Matt Donovan 6) at 6:11

Penalties :
Adam Gaudette (Edm) for Hooking (Minor) at 9:47, Jamie McBain (Edm) for Tripping (Minor) at 13:06, Anton Lander (N.J) for Hooking (Minor) at 18:13

2nd period

3. Oilers , Jamie Benn 5 (Connor McDavid 18, Mitch Marner 15) at 0:14
4. Devils , Nick Palmieri 6 (Nazem Kadri 13, Tyler Ennis 21) at 7:14
5. Oilers , Connor McDavid 12 (Marcus Pettersson 15, Jamie Benn 11) at 12:44
6. Devils , Logan Shaw 3 (Nazem Kadri 14) at 15:48 (SH)

Penalties :
Michael Del Zotto (N.J) for Tripping (Minor) at 0:29, Michael Del Zotto (N.J) for Roughing (Minor) at 8:41, Jonathan Huberdeau (N.J) for Delaying the game (Minor) at 15:10, Darnell Nurse (Edm) for Tripping (Minor) at 19:49

3rd period

No Goal

Penalties :
Michael Del Zotto (N.J) for Tripping (Minor) at 0:23, Anton Lander (N.J) for Roughing (Minor) at 4:44, Mitch Marner (Edm) for Roughing (Minor) at 15:26

Goalie Stats

Carter Hart (Edm), 21 saves from 25 shots - (0.840), L, 10-5-2, 60:00 minutes
Thomas McCollum (N.J), 23 saves from 25 shots - (0.920), W, 2-4-0, 60:00 minutes

Players Stats for Oilers

Player Name              G  A  P  +/- PIM S  H  SB GA TA FO     MP     PP MP  PK MP  
------------------------------------------------------------------------------------
Adam Gaudette            0  0  0  -1  2   0  1  1  0  0  0/1    17:50   4:32   0:00 
Andrew Mangiapane        0  0  0  -1  0   0  1  0  0  0  0/0     8:42   0:00   0:00 
Brent Burns              0  0  0  -1  0   0  0  0  1  0  0/0    19:09   4:35   0:57 
Brent Seabrook           0  0  0  -1  0   2  3  0  0  0  0/0    23:06   6:12   2:25 
Brett Lernout            0  0  0   0  0   0  0  1  0  1  0/0    10:55   0:00   0:00 
Christian Fischer        0  0  0   0  0   0  3  0  0  0  0/0     9:46   0:00   0:00 
Connor McDavid           1  1  2   0  0   4  2  0  1  0  8/17   16:56   5:56   0:33 
Darnell Nurse            0  0  0  -1  2   1  1  3  1  1  0/0    19:49   0:01   3:32 
Frederik Gauthier        0  0  0   0  0   1  0  0  1  0  1/3    10:39   0:00   0:00 
Greg Stewart             0  0  0   0  0   1  1  1  0  0  0/1    14:51   0:10   4:15 
Jamie Benn               1  1  2   0  0   4  3  0  0  0  1/1    18:42   5:47   2:14 
Jamie McBain             0  0  0   0  2   3  3  2  0  0  0/0    23:46   4:17   2:42 
Jason Robertson          0  0  0  -1  0   0  1  0  0  0  0/0     7:35   0:00   0:00 
Leon Draisaitl           0  0  0  -1  0   2  0  0  1  0  0/0    18:45   4:32   0:02 
Marcus Pettersson        0  1  1  -1  0   2  0  1  0  0  0/0    23:38   5:54   3:26 
Mitch Marner             0  1  1   0  2   1  0  0  0  0  0/0    15:19   5:56   0:00 
Noel Acciari             0  0  0  -1  0   2  1  0  0  0  0/1    11:00   0:00   1:43 
Tyler Johnson            0  0  0  -1  0   2  3  1  3  0  15/27  21:32   4:33   4:15 

Players Stats for Devils

Player Name              G  A  P  +/- PIM S  H  SB GA TA FO     MP     PP MP  PK MP  
------------------------------------------------------------------------------------
Anton Lander             0  0  0  -1  4   1  2  0  0  0  6/10   11:42   0:00   4:04 
Brandon Carlo            0  0  0   0  0   1  1  1  0  1  0/0    28:06   2:50   6:27 
Brayden Point            0  0  0   0  0   1  2  0  0  0  4/7    15:58   2:57   1:24 
Damon Severson           0  1  1   0  0   1  2  0  0  1  0/0    17:07   3:41   1:09 
Eric Tangradi            0  0  0   0  0   1  2  1  0  0  0/0     9:44   0:00   1:49 
Jonathan Huberdeau       0  0  0   0  2   0  0  3  0  0  0/0    14:52   2:57   0:03 
Kristopher Letang        0  0  0   0  0   2  2  1  0  2  0/0    22:48   2:50   2:31 
Logan Shaw               1  0  1   1  0   3  2  1  0  1  1/1    12:18   0:00   2:26 
Matt Donovan             0  1  1   2  0   1  1  0  0  1  0/0    15:58   0:21   3:33 
Michael Del Zotto        0  0  0   0  6   0  3  1  0  1  0/0    21:13   3:19   3:45 
Nail Yakupov             0  0  0   0  0   1  0  0  0  0  0/0     7:14   0:00   0:00 
Nazem Kadri              0  3  3   3  0   1  1  1  1  0  12/24  20:39   3:34   3:26 
Nick Palmieri            2  0  2   1  0   3  1  0  0  0  0/0    18:38   0:00   6:10 
Ondrej Kase              0  0  0  -1  0   2  1  0  0  0  1/2    16:59   2:57   1:28 
Sean Monahan             0  0  0   0  0   0  1  0  0  0  1/6    13:41   3:34   0:07 
Sven Baertschi           0  0  0   0  0   1  1  2  0  0  0/0     9:13   0:00   0:00 
Thomas Hickey            0  0  0   2  0   1  0  0  0  1  0/0    15:00   0:00   3:33 
Tyler Ennis              1  2  3   2  0   5  1  0  1  0  1/1    16:50   3:34   0:01 

3 Stars

1 - Tyler Ennis (N.J)
2 - Nazem Kadri (N.J)
3 - Nick Palmieri (N.J)

Power Play

Oilers - 0 on 6 Attempt(s) - 0.00%
Devils - 0 on 4 Attempt(s) - 0.00%

Penalty Kill

Oilers - 4 on 4 Attempt(s) - 100.00% - Score 0 goal in Penalty Kill
Devils - 6 on 6 Attempt(s) - 100.00% - Score 1 goal in Penalty Kill

Team Stat

Oilers - Hits : 23 - Faceoff Wins : 25 - Blocked Shots : 10 - Penalty Minutes : 8
Devils - Hits : 23 - Faceoff Wins : 26 - Blocked Shots : 11 - Penalty Minutes : 12

Official

Referees : Dean Morton and Furman South
Linesman : Devin Berg and Greg Devorski

Game Notes

No Game Note

Finance

Level 1 -- Attendance: 5906 (98.43%) -- Ticket Income $590,600
Level 2 -- Attendance: 5000 (100.00%) -- Ticket Income $350,000
Level 3 -- Attendance: 2000 (100.00%) -- Ticket Income $80,000
Level 4 -- Attendance: 3815 (95.38%) -- Ticket Income $114,450
Luxury Box -- Attendance: 937 (93.70%) -- Ticket Income $187,400
Game was played at the Prudential Center.
Total Attendance: 17658 (98.10%)
Total Ticket Income: $1,322,450
Other Income: $198,368
Total Income: $1,520,818

Oilers

5 vs 5 Forward 
   Center                   Left Wing                Right Wing               Time % Phy DF OF 
 1 Tyler Johnson            Leon Draisaitl           Adam Gaudette            35     1   2  2  
 2 Connor McDavid           Jamie Benn               Mitch Marner             30     1   2  2  
 3 Frederik Gauthier        Greg Stewart             Christian Fischer        25     1   2  2  
 4 Noel Acciari             Jason Robertson          Andrew Mangiapane        10     1   2  2  

5 vs 5 Defense 
   Defense                  Defense                                           Time % Phy DF OF 
 1 Jamie McBain             Brent Seabrook                                    40     1   2  2  
 2 Marcus Pettersson        Darnell Nurse                                     30     1   2  2  
 3 Brent Burns              Brett Lernout                                     20     1   2  2  
 4 Darnell Nurse            Jamie McBain                                      10     1   2  2  

PowerPlay Forward 
   Center                   Left Wing                Right Wing               Time % Phy DF OF 
 1 Connor McDavid           Jamie Benn               Mitch Marner             60     1   2  2  
 2 Tyler Johnson            Leon Draisaitl           Adam Gaudette            40     1   2  2  

PowerPlay Defense
   Defense                  Defense                                           Time % Phy DF OF 
 1 Brent Seabrook           Marcus Pettersson                                 60     1   2  2  
 2 Brent Burns              Jamie McBain                                      40     1   2  2  

Penalty Kill 4 Players Forward 
   Center                   Wing                     Time % Phy DF OF 
 1 Tyler Johnson            Greg Stewart             60     1   4  0  
 2 Noel Acciari             Jamie Benn               40     1   4  0  

Penalty Kill 4 Players Defense
   Defense                  Defense                  Time % Phy DF OF 
 1 Darnell Nurse            Jamie McBain             60     0   5  0  
 2 Brent Seabrook           Marcus Pettersson        40     0   5  0  

Penalty Kill - 3 Players Forward 
   Forward                                           Time % Phy DF OF 
 1 Noel Acciari                                      60     0   5  0  
 2 Tyler Johnson                                     40     0   5  0  

Penalty Kill - 3 Players Defense
   Defense                  Defense                  Time % Phy DF OF 
 1 Darnell Nurse            Jamie McBain             60     0   5  0  
 2 Brent Seabrook           Marcus Pettersson        40     0   5  0  

4 vs 4 Forward 
   Center                   Wing                     Time % Phy DF OF 
 1 Connor McDavid           Leon Draisaitl           60     1   2  2  
 2 Tyler Johnson            Greg Stewart             40     1   2  2  

4 vs 4 Defense
   Defense                  Defense                  Time % Phy DF OF 
 1 Darnell Nurse            Jamie McBain             60     1   2  2  
 2 Brent Seabrook           Marcus Pettersson        40     1   2  2  

Last Minutes Offensive
   Center                   Left Wing                Right Wing               Defense                  Defense                  
   Connor McDavid           Leon Draisaitl           Mitch Marner             Darnell Nurse            Jamie McBain             

Last Minutes Defensive
   Center                   Left Wing                Right Wing               Defense                  Defense                  
   Connor McDavid           Leon Draisaitl           Mitch Marner             Darnell Nurse            Jamie McBain             

Goaltenders
Starting : Carter Hart              
Backup : Jaroslav Halak           

Extra Forwards
Normal : Greg Stewart, Frederik Gauthier, Jamie Benn - PP : Greg Stewart, Frederik Gauthier - PK : Greg Stewart
Extra Defensemen
Normal : Marcus Pettersson, Brent Burns, Brett Lernout - PP : Marcus Pettersson - PK : Marcus Pettersson, Brent Burns
Penalty Shots
Connor McDavid, Tyler Johnson, Leon Draisaitl, Mitch Marner, Greg Stewart
Custom OT Lines Forwards
Connor McDavid, Tyler Johnson, Leon Draisaitl, Mitch Marner, Greg Stewart, Frederik Gauthier, Jamie Benn, Adam Gaudette, Noel Acciari, Christian Fischer
Custom OT Lines Defensemen
Darnell Nurse, Jamie McBain, Brent Seabrook, Marcus Pettersson, Brent Burns

Scratches
Anton Slepyshev (Healthy), Philippe Myers (Healthy)

Devils

5 vs 5 Forward 
   Center                   Left Wing                Right Wing               Time % Phy DF OF 
 1 Nazem Kadri              Tyler Ennis              Nick Palmieri            35     0   2  3  
 2 Brayden Point            Jonathan Huberdeau       Logan Shaw               30     0   2  3  
 3 Sean Monahan             Sven Baertschi           Ondrej Kase              25     0   2  3  
 4 Anton Lander             Eric Tangradi            Nail Yakupov             10     0   2  3  

5 vs 5 Defense 
   Defense                  Defense                                           Time % Phy DF OF 
 1 Michael Del Zotto        Brandon Carlo                                     34     1   3  1  
 2 Matt Donovan             Thomas Hickey                                     30     1   3  1  
 3 Kristopher Letang        Damon Severson                                    28     1   3  1  
 4 Brandon Carlo            Kristopher Letang                                 8      1   3  1  

PowerPlay Forward 
   Center                   Left Wing                Right Wing               Time % Phy DF OF 
 1 Nazem Kadri              Tyler Ennis              Sean Monahan             55     0   0  5  
 2 Brayden Point            Jonathan Huberdeau       Ondrej Kase              45     0   0  5  

PowerPlay Defense
   Defense                  Defense                                           Time % Phy DF OF 
 1 Michael Del Zotto        Damon Severson                                    55     0   2  3  
 2 Kristopher Letang        Brandon Carlo                                     45     0   2  3  

Penalty Kill 4 Players Forward 
   Center                   Wing                     Time % Phy DF OF 
 1 Anton Lander             Nick Palmieri            60     1   3  1  
 2 Nazem Kadri              Logan Shaw               40     1   3  1  

Penalty Kill 4 Players Defense
   Defense                  Defense                  Time % Phy DF OF 
 1 Brandon Carlo            Michael Del Zotto        60     1   4  0  
 2 Thomas Hickey            Matt Donovan             40     1   4  0  

Penalty Kill - 3 Players Forward 
   Forward                                           Time % Phy DF OF 
 1 Nazem Kadri                                       60     0   4  1  
 2 Brayden Point                                     40     0   4  1  

Penalty Kill - 3 Players Defense
   Defense                  Defense                  Time % Phy DF OF 
 1 Brandon Carlo            Michael Del Zotto        60     1   4  0  
 2 Thomas Hickey            Matt Donovan             40     1   4  0  

4 vs 4 Forward 
   Center                   Wing                     Time % Phy DF OF 
 1 Nazem Kadri              Tyler Ennis              60     0   2  3  
 2 Brayden Point            Jonathan Huberdeau       40     0   2  3  

4 vs 4 Defense
   Defense                  Defense                  Time % Phy DF OF 
 1 Brandon Carlo            Michael Del Zotto        60     0   3  2  
 2 Kristopher Letang        Damon Severson           40     0   3  2  

Last Minutes Offensive
   Center                   Left Wing                Right Wing               Defense                  Defense                  
   Nazem Kadri              Tyler Ennis              Brayden Point            Michael Del Zotto        Kristopher Letang        

Last Minutes Defensive
   Center                   Left Wing                Right Wing               Defense                  Defense                  
   Nazem Kadri              Tyler Ennis              Nick Palmieri            Brandon Carlo            Michael Del Zotto        

Goaltenders
Starting : Thomas McCollum          
Backup : Jonathan Quick           

Extra Forwards
Normal : Sean Monahan, Ondrej Kase, Logan Shaw - PP : Nick Palmieri, Ondrej Kase - PK : Ondrej Kase
Extra Defensemen
Normal : Kristopher Letang, Matt Donovan, Damon Severson - PP : Matt Donovan - PK : Kristopher Letang, Brandon Carlo
Penalty Shots
Tyler Ennis, Nazem Kadri, Sean Monahan, Brayden Point, Jonathan Huberdeau
Custom OT Lines Forwards
Tyler Ennis, Nazem Kadri, Jonathan Huberdeau, Brayden Point, Anton Lander, Nick Palmieri, Logan Shaw, Nail Yakupov, Ondrej Kase, Sven Baertschi
Custom OT Lines Defensemen
Brandon Carlo, Michael Del Zotto, Kristopher Letang, Matt Donovan, Thomas Hickey

Scratches
Darren Dietz (Healthy)

% Time on Ice - Oilers

Lines # - Real PCT - Wanted PCT - Time Play
Normal Forward
1 - 32% - 35% - 13:23
2 - 27% - 30% - 11:05
3 - 23% - 25% - 9:32
4 - 18% - 10% - 7:35
Normal Defense
1 - 37% - 40% - 15:26
2 - 28% - 30% - 11:41
3 - 26% - 20% - 10:42
4 - 9% - 10% - 3:46
PP Forward
1 - 57% - 60% - 5:56
2 - 43% - 40% - 4:33
PP Defense
1 - 61% - 60% - 6:22
2 - 39% - 40% - 4:07
PK Forward
1 - 74% - 60% - 4:48
2 - 26% - 40% - 1:43
PK Defense
1 - 63% - 60% - 4:06
2 - 37% - 40% - 2:25
PK3 Forward
1 - 0% - 60%
2 - 0% - 40%
PK3 Defense
1 - 0% - 60%
2 - 0% - 40%
44 Forward
1 - 98% - 60% - 1:23
2 - 2% - 40% - 0:02
44 Defense
1 - 49% - 60% - 0:42
2 - 51% - 40% - 0:43
Last Minute Offensive  - 0:00
Last Minute Defensive  - 0:00
Total
Forward - 60:00
Defense - 60:00

% Time on Ice - Devils

Lines # - Real PCT - Wanted PCT - Time Play
Normal Forward
1 - 31% - 35% - 12:53
2 - 30% - 30% - 12:30
3 - 22% - 25% - 9:13
4 - 17% - 10% - 6:59
Normal Defense
1 - 34% - 34% - 14:01
2 - 34% - 30% - 14:18
3 - 28% - 28% - 11:28
4 - 4% - 8% - 1:48
PP Forward
1 - 55% - 55% - 3:34
2 - 45% - 45% - 2:57
PP Defense
1 - 57% - 55% - 3:41
2 - 43% - 45% - 2:50
PK Forward
1 - 77% - 60% - 8:03
2 - 23% - 40% - 2:26
PK Defense
1 - 62% - 60% - 6:27
2 - 38% - 40% - 4:02
PK3 Forward
1 - 0% - 60%
2 - 0% - 40%
PK3 Defense
1 - 0% - 60%
2 - 0% - 40%
44 Forward
1 - 100% - 60% - 1:25
2 - 0% - 40% - 0:00
44 Defense
1 - 91% - 60% - 1:17
2 - 9% - 40% - 0:08
Last Minute Offensive  - 0:00
Last Minute Defensive  - 0:00
Total
Forward - 60:00
Defense - 60:00

Play-by-Play

1st period


0:01 of 1st period - Nazem Kadri wins face-off versus Tyler Johnson in neutral zone.
0:32 of 1st period - Slapshot by Connor McDavid.
0:32 of 1st period - Stopped by Thomas McCollum with a rebound.
0:34 of 1st period - Snap shot by Connor McDavid.
0:34 of 1st period - Stopped by Thomas McCollum with a rebound.
0:36 of 1st period - Snap shot by Mitch Marner.
0:36 of 1st period - Stopped by Thomas McCollum with a rebound.
0:38 of 1st period - Slapshot by Darnell Nurse.
0:38 of 1st period - Shot Blocked by Jonathan Huberdeau.
0:54 of 1st period - Ondrej Kase is hit by Greg Stewart.
1:29 of 1st period - Leon Draisaitl is hit by Matt Donovan and loses puck.
1:34 of 1st period - Slapshot by Tyler Ennis.
1:34 of 1st period - Stopped by Carter Hart with a rebound.
1:36 of 1st period - Slapshot by Damon Severson.
1:36 of 1st period - Stopped by Carter Hart with a rebound.
1:38 of 1st period - Slapshot by Nick Palmieri.
1:38 of 1st period - Stopped by Carter Hart with a rebound.
1:40 of 1st period - Wrist shot by Nick Palmieri.
1:40 of 1st period - Goal by Nick Palmieri - Oilers : 0 - Devils : 1.
1:41 of 1st period - Connor McDavid wins face-off versus Brayden Point in neutral zone.
1:44 of 1st period - Slapshot by Connor McDavid.
1:44 of 1st period - Stopped by Thomas McCollum with a rebound.
2:21 of 1st period - Snap shot by Frederik Gauthier.
2:21 of 1st period - Stopped by Thomas McCollum without a rebound.
2:22 of 1st period - Nazem Kadri wins face-off versus Adam Gaudette in Devils zone.
2:39 of 1st period - Slapshot by Leon Draisaitl.
2:39 of 1st period - Shot Misses the Net.
2:54 of 1st period - Brandon Carlo is hit by Connor McDavid and loses puck.
3:21 of 1st period - Kristopher Letang is hit by Christian Fischer and loses puck.
4:19 of 1st period - Off-side.
4:20 of 1st period - Brayden Point wins face-off versus Connor McDavid in neutral zone.
4:37 of 1st period - Wrist shot by Jamie Benn.
4:37 of 1st period - Deflect By Thomas Hickey.
4:37 of 1st period - Shot Blocked by Logan Shaw.
4:37 of 1st period - Puck is out of play.
4:38 of 1st period - Tyler Johnson wins face-off versus Nazem Kadri in Devils zone.
5:44 of 1st period - Jamie Benn is hit by Eric Tangradi and loses puck.
6:11 of 1st period - Slapshot by Tyler Ennis.
6:11 of 1st period - Goal by Tyler Ennis - Oilers : 0 - Devils : 2.
6:12 of 1st period - Nazem Kadri wins face-off versus Tyler Johnson in neutral zone.
7:01 of 1st period - Brayden Point is hit by Noel Acciari.
8:09 of 1st period - Icing by Greg Stewart.
8:10 of 1st period - Brayden Point wins face-off versus Frederik Gauthier in Oilers zone.
8:35 of 1st period - Slapshot by Christian Fischer.
8:35 of 1st period - Shot Misses the Net.
8:37 of 1st period - Backhand shot by Brent Seabrook.
8:37 of 1st period - Deflect By Michael Del Zotto.
8:37 of 1st period - Stopped by Thomas McCollum without a rebound.
8:38 of 1st period - Tyler Johnson wins face-off versus Nazem Kadri in Devils zone.
9:05 of 1st period - Nazem Kadri is hit by Jamie McBain and loses puck.
9:16 of 1st period - Snap shot by Tyler Ennis.
9:16 of 1st period - Stopped by Carter Hart with a rebound.
9:40 of 1st period - Wrist shot by Tyler Ennis.
9:40 of 1st period - Shot Blocked by Jamie McBain.
9:42 of 1st period - Wrist shot by Kristopher Letang.
9:42 of 1st period - Shot Blocked by Jamie McBain.
9:44 of 1st period - Wrist shot by Kristopher Letang.
9:44 of 1st period - Stopped by Carter Hart without a rebound.
9:45 of 1st period - Tyler Johnson wins face-off versus Sean Monahan in Oilers zone.
9:47 of 1st period - Minor Penalty to Adam Gaudette for Hooking.
9:48 of 1st period - Tyler Johnson wins face-off versus Brayden Point in Oilers zone.
10:04 of 1st period - Snap shot by Brayden Point.
10:04 of 1st period - Stopped by Carter Hart without a rebound.
10:05 of 1st period - Nazem Kadri wins face-off versus Tyler Johnson in Oilers zone.
10:16 of 1st period - Snap shot by Tyler Ennis.
10:16 of 1st period - Shot Misses the Net.
10:43 of 1st period - Slapshot by Kristopher Letang.
10:43 of 1st period - Stopped by Carter Hart without a rebound.
10:44 of 1st period - Nazem Kadri wins face-off versus Tyler Johnson in Oilers zone.
11:47 of 1st period - Penalty to Adam Gaudette is over, Adam Gaudette is back on ice.
11:48 of 1st period - Icing by Brayden Point.
11:49 of 1st period - Connor McDavid wins face-off versus Brayden Point in Devils zone.
12:00 of 1st period - Wrist shot by Jamie Benn.
12:00 of 1st period - Shot Misses the Net.
12:02 of 1st period - Wrist shot by Connor McDavid.
12:02 of 1st period - Shot Misses the Net.
12:04 of 1st period - Snap shot by Jamie McBain.
12:04 of 1st period - Shot Misses the Net.
12:22 of 1st period - Icing by Brandon Carlo.
12:23 of 1st period - Brayden Point wins face-off versus Frederik Gauthier in Devils zone.
12:49 of 1st period - Off-side.
12:50 of 1st period - Tyler Johnson wins face-off versus Nazem Kadri in neutral zone.
12:53 of 1st period - Slapshot by Tyler Johnson.
12:53 of 1st period - Stopped by Thomas McCollum with a rebound.
12:59 of 1st period - Slapshot by Tyler Ennis.
12:59 of 1st period - Shot Misses the Net.
13:01 of 1st period - Slapshot by Matt Donovan.
13:01 of 1st period - Stopped by Carter Hart with a rebound.
13:06 of 1st period - Minor Penalty to Jamie McBain for Tripping.
13:07 of 1st period - Nazem Kadri wins face-off versus Tyler Johnson in Oilers zone.
13:23 of 1st period - Wrist shot by Tyler Ennis.
13:23 of 1st period - Shot Blocked by Greg Stewart.
14:18 of 1st period - Icing by Sean Monahan.
14:19 of 1st period - Nazem Kadri wins face-off versus Noel Acciari in Devils zone.
14:19 of 1st period - Nazem Kadri is hit by Jamie Benn.
15:06 of 1st period - Penalty to Jamie McBain is over, Jamie McBain is back on ice.
15:20 of 1st period - Snap shot by Jamie Benn.
15:20 of 1st period - Stopped by Thomas McCollum with a rebound.
15:22 of 1st period - Snap shot by Jamie Benn.
15:22 of 1st period - Shot Misses the Net.
15:24 of 1st period - Snap shot by Jamie Benn.
15:24 of 1st period - Stopped by Thomas McCollum with a rebound.
15:26 of 1st period - Slapshot by Jamie McBain.
15:26 of 1st period - Shot Blocked by Jonathan Huberdeau.
15:28 of 1st period - Snap shot by Noel Acciari.
15:28 of 1st period - Deflect By Ondrej Kase.
15:28 of 1st period - Stopped by Thomas McCollum with a rebound.
15:30 of 1st period - Wrist shot by Jamie Benn.
15:30 of 1st period - Shot Blocked by Jonathan Huberdeau.
15:32 of 1st period - Wrist shot by Jamie McBain.
15:32 of 1st period - Stopped by Thomas McCollum with a rebound.
15:34 of 1st period - Slapshot by Darnell Nurse.
15:34 of 1st period - Stopped by Thomas McCollum with a rebound.
16:22 of 1st period - Snap shot by Brayden Point.
16:22 of 1st period - Shot Blocked by Darnell Nurse.
16:32 of 1st period - Slapshot by Noel Acciari.
16:32 of 1st period - Shot Misses the Net.
16:34 of 1st period - Snap shot by Jamie McBain.
16:34 of 1st period - Stopped by Thomas McCollum with a rebound.
16:43 of 1st period - Wrist shot by Noel Acciari.
16:43 of 1st period - Shot Misses the Net.
16:45 of 1st period - Snap shot by Jamie McBain.
16:45 of 1st period - Shot Misses the Net.
16:47 of 1st period - Snap shot by Noel Acciari.
16:47 of 1st period - Stopped by Thomas McCollum without a rebound.
16:48 of 1st period - Tyler Johnson wins face-off versus Nazem Kadri in Devils zone.
17:20 of 1st period - Wrist shot by Nail Yakupov.
17:20 of 1st period - Stopped by Carter Hart with a rebound.
17:22 of 1st period - Slapshot by Thomas Hickey.
17:22 of 1st period - Stopped by Carter Hart without a rebound.
17:23 of 1st period - Frederik Gauthier wins face-off versus Anton Lander in Oilers zone.
17:32 of 1st period - Frederik Gauthier is hit by Anton Lander and loses puck.
17:39 of 1st period - Backhand shot by Greg Stewart.
17:39 of 1st period - Stopped by Thomas McCollum with a rebound.
18:13 of 1st period - Minor Penalty to Anton Lander for Hooking.
18:14 of 1st period - Tyler Johnson wins face-off versus Nazem Kadri in Devils zone.
19:44 of 1st period - Adam Gaudette is hit by Eric Tangradi and loses puck.
Goals for this period are 0 for Oilers vs 2 for Devils.
Shots for this period are 15 for Oilers vs 12 for Devils.

2nd period


0:01 of 2nd period - Connor McDavid wins face-off versus Ondrej Kase in neutral zone.
0:12 of 2nd period - Slapshot by Jamie Benn.
0:12 of 2nd period - Shot Misses the Net.
0:13 of 2nd period - Penalty to Anton Lander is over, Anton Lander is back on ice.
0:14 of 2nd period - Wrist shot by Jamie Benn.
0:14 of 2nd period - Goal by Jamie Benn - Oilers : 1 - Devils : 2.
0:15 of 2nd period - Tyler Johnson wins face-off versus Sean Monahan in neutral zone.
0:29 of 2nd period - Minor Penalty to Michael Del Zotto for Tripping.
0:30 of 2nd period - Jamie Benn wins face-off versus Anton Lander in Devils zone.
0:30 of 2nd period - Wrist shot by Mitch Marner.
0:30 of 2nd period - Shot Blocked by Kristopher Letang.
0:32 of 2nd period - Slapshot by Jamie Benn.
0:32 of 2nd period - Stopped by Thomas McCollum without a rebound.
0:33 of 2nd period - Anton Lander wins face-off versus Connor McDavid in Devils zone.
1:06 of 2nd period - Slapshot by Marcus Pettersson.
1:06 of 2nd period - Stopped by Thomas McCollum with a rebound.
1:22 of 2nd period - Slapshot by Marcus Pettersson.
1:22 of 2nd period - Shot Misses the Net.
2:05 of 2nd period - Eric Tangradi is hit by Tyler Johnson and loses puck.
2:22 of 2nd period - Damon Severson is hit by Jamie Benn.
2:29 of 2nd period - Penalty to Michael Del Zotto is over, Michael Del Zotto is back on ice.
2:45 of 2nd period - Snap shot by Sean Monahan.
2:45 of 2nd period - Shot Hit the Post.
2:57 of 2nd period - Darnell Nurse is hit by Damon Severson and loses puck.
3:12 of 2nd period - Jonathan Huberdeau is hit by Christian Fischer and loses puck.
3:19 of 2nd period - Frederik Gauthier is hit by Logan Shaw and loses puck.
3:30 of 2nd period - Nick Palmieri is hit by Tyler Johnson and loses puck.
3:39 of 2nd period - Darnell Nurse is hit by Tyler Ennis and loses puck.
4:00 of 2nd period - Andrew Mangiapane is hit by Ondrej Kase and loses puck.
4:28 of 2nd period - Snap shot by Logan Shaw.
4:28 of 2nd period - Stopped by Carter Hart with a rebound.
4:54 of 2nd period - Brent Burns is hit by Anton Lander and loses puck.
5:11 of 2nd period - Slapshot by Jonathan Huberdeau.
5:11 of 2nd period - Shot Blocked by Darnell Nurse.
5:48 of 2nd period - Slapshot by Sven Baertschi.
5:48 of 2nd period - Shot Misses the Net.
5:50 of 2nd period - Wrist shot by Sean Monahan.
5:50 of 2nd period - Shot Misses the Net.
6:12 of 2nd period - Eric Tangradi is hit by Brent Seabrook and loses puck.
6:25 of 2nd period - Brent Seabrook is hit by Brayden Point and loses puck.
6:44 of 2nd period - Brent Burns is hit by Sean Monahan and loses puck.
7:05 of 2nd period - Brent Seabrook is hit by Brandon Carlo and loses puck.
7:14 of 2nd period - Wrist shot by Nick Palmieri.
7:14 of 2nd period - Goal by Nick Palmieri - Oilers : 1 - Devils : 3.
7:15 of 2nd period - Tyler Johnson wins face-off versus Nazem Kadri in neutral zone.
7:17 of 2nd period - Off-side.
7:18 of 2nd period - Tyler Johnson wins face-off versus Nazem Kadri in neutral zone.
7:25 of 2nd period - Leon Draisaitl is hit by Nick Palmieri and loses puck.
7:43 of 2nd period - Off-side.
7:44 of 2nd period - Connor McDavid wins face-off versus Sean Monahan in neutral zone.
7:49 of 2nd period - Snap shot by Mitch Marner.
7:49 of 2nd period - Shot Misses the Net.
7:51 of 2nd period - Slapshot by Brent Seabrook.
7:51 of 2nd period - Shot Blocked by Sven Baertschi.
7:53 of 2nd period - Wrist shot by Mitch Marner.
7:53 of 2nd period - Shot Blocked by Sven Baertschi.
7:55 of 2nd period - Slapshot by Brent Seabrook.
7:55 of 2nd period - Stopped by Thomas McCollum with a rebound.
7:57 of 2nd period - Slapshot by Jamie McBain.
7:57 of 2nd period - Stopped by Thomas McCollum with a rebound.
8:19 of 2nd period - Slapshot by Tyler Ennis.
8:19 of 2nd period - Stopped by Carter Hart without a rebound.
8:20 of 2nd period - Tyler Johnson wins face-off versus Nazem Kadri in Oilers zone.
8:20 of 2nd period - Tyler Johnson is hit by Michael Del Zotto.
8:41 of 2nd period - Minor Penalty to Michael Del Zotto for Roughing.
8:42 of 2nd period - Anton Lander wins face-off versus Connor McDavid in Devils zone.
9:09 of 2nd period - Brent Seabrook is hit by Kristopher Letang and loses puck.
9:14 of 2nd period - Snap shot by Nazem Kadri.
9:14 of 2nd period - Shot Blocked by Tyler Johnson.
9:16 of 2nd period - Snap shot by Nazem Kadri.
9:16 of 2nd period - Stopped by Carter Hart without a rebound.
9:17 of 2nd period - Anton Lander wins face-off versus Connor McDavid in Oilers zone.
9:21 of 2nd period - Icing by Brent Burns.
9:22 of 2nd period - Anton Lander wins face-off versus Connor McDavid in Oilers zone.
9:25 of 2nd period - Snap shot by Anton Lander.
9:25 of 2nd period - Stopped by Carter Hart with a rebound.
10:41 of 2nd period - Penalty to Michael Del Zotto is over, Michael Del Zotto is back on ice.
10:44 of 2nd period - Slapshot by Logan Shaw.
10:44 of 2nd period - Stopped by Carter Hart without a rebound.
10:45 of 2nd period - Tyler Johnson wins face-off versus Sean Monahan in Oilers zone.
11:07 of 2nd period - Christian Fischer is hit by Michael Del Zotto and loses puck.
11:24 of 2nd period - Brent Burns is hit by Brayden Point and loses puck.
12:04 of 2nd period - Wrist shot by Ondrej Kase.
12:04 of 2nd period - Stopped by Carter Hart without a rebound.
12:05 of 2nd period - Logan Shaw wins face-off versus Tyler Johnson in Oilers zone.
12:06 of 2nd period - Snap shot by Jonathan Huberdeau.
12:06 of 2nd period - Deflect By Brayden Point.
12:06 of 2nd period - Shot Misses the Net.
12:06 of 2nd period - Puck is out of play.
12:07 of 2nd period - Brayden Point wins face-off versus Tyler Johnson in Oilers zone.
12:08 of 2nd period - Wrist shot by Jonathan Huberdeau.
12:08 of 2nd period - Shot Blocked by Darnell Nurse.
12:40 of 2nd period - Wrist shot by Connor McDavid.
12:40 of 2nd period - Shot Misses the Net.
12:42 of 2nd period - Slapshot by Marcus Pettersson.
12:42 of 2nd period - Stopped by Thomas McCollum with a rebound.
12:44 of 2nd period - Snap shot by Connor McDavid.
12:44 of 2nd period - Goal by Connor McDavid - Oilers : 2 - Devils : 3.
12:45 of 2nd period - Tyler Ennis wins face-off versus Tyler Johnson in neutral zone.
13:34 of 2nd period - Brandon Carlo is hit by Darnell Nurse.
13:56 of 2nd period - Wrist shot by Eric Tangradi.
13:56 of 2nd period - Shot Misses the Net.
13:58 of 2nd period - Wrist shot by Eric Tangradi.
13:58 of 2nd period - Stopped by Carter Hart without a rebound.
13:59 of 2nd period - Tyler Johnson wins face-off versus Anton Lander in Oilers zone.
14:08 of 2nd period - Slapshot by Leon Draisaitl.
14:08 of 2nd period - Stopped by Thomas McCollum without a rebound.
14:09 of 2nd period - Tyler Johnson wins face-off versus Nazem Kadri in Devils zone.
15:10 of 2nd period - Minor Penalty to Jonathan Huberdeau for Delaying the game.
15:11 of 2nd period - Anton Lander wins face-off versus Connor McDavid in Devils zone.
15:21 of 2nd period - Nick Palmieri is hit by Brent Seabrook and loses puck.
15:26 of 2nd period - Snap shot by Connor McDavid.
15:26 of 2nd period - Shot Misses the Net.
15:28 of 2nd period - Wrist shot by Brent Burns.
15:28 of 2nd period - Shot Blocked by Michael Del Zotto.
15:38 of 2nd period - Jamie Benn is hit by Michael Del Zotto and loses puck.
15:42 of 2nd period - Icing by Jamie McBain.
15:43 of 2nd period - Nazem Kadri wins face-off versus Connor McDavid in Oilers zone.
15:48 of 2nd period - Snap shot by Logan Shaw.
15:48 of 2nd period - Goal by Logan Shaw - Oilers : 2 - Devils : 4.
15:49 of 2nd period - Connor McDavid wins face-off versus Anton Lander in neutral zone.
16:22 of 2nd period - Snap shot by Logan Shaw.
16:22 of 2nd period - Shot Misses the Net.
16:50 of 2nd period - Anton Lander is hit by Brent Seabrook and loses puck.
16:59 of 2nd period - Snap shot by Leon Draisaitl.
16:59 of 2nd period - Stopped by Thomas McCollum without a rebound.
17:00 of 2nd period - Connor McDavid wins face-off versus Nazem Kadri in Devils zone.
17:10 of 2nd period - Penalty to Jonathan Huberdeau is over, Jonathan Huberdeau is back on ice.
17:11 of 2nd period - Slapshot by Connor McDavid.
17:11 of 2nd period - Shot Blocked by Brandon Carlo.
17:13 of 2nd period - Wrist shot by Connor McDavid.
17:13 of 2nd period - Shot Blocked by Nazem Kadri.
17:49 of 2nd period - Kristopher Letang is hit by Jason Robertson and loses puck.
17:54 of 2nd period - Snap shot by Noel Acciari.
17:54 of 2nd period - Shot Misses the Net.
17:56 of 2nd period - Slapshot by Marcus Pettersson.
17:56 of 2nd period - Shot Misses the Net.
18:47 of 2nd period - Greg Stewart is hit by Sven Baertschi and loses puck.
19:04 of 2nd period - Noel Acciari is hit by Damon Severson and loses puck.
19:49 of 2nd period - Minor Penalty to Darnell Nurse for Tripping.
19:50 of 2nd period - Nazem Kadri wins face-off versus Tyler Johnson in Oilers zone.
Goals for this period are 2 for Oilers vs 2 for Devils.
Shots for this period are 9 for Oilers vs 9 for Devils.

3rd period


0:01 of 3rd period - Tyler Johnson wins face-off versus Nazem Kadri in neutral zone.
0:23 of 3rd period - Minor Penalty to Michael Del Zotto for Tripping.
0:24 of 3rd period - Connor McDavid wins face-off versus Nazem Kadri in Devils zone.
1:03 of 3rd period - Wrist shot by Brandon Carlo.
1:03 of 3rd period - Stopped by Carter Hart without a rebound.
1:04 of 3rd period - Sean Monahan wins face-off versus Greg Stewart in Oilers zone.
1:13 of 3rd period - Snap shot by Sean Monahan.
1:13 of 3rd period - Deflect By Ondrej Kase.
1:13 of 3rd period - Shot Blocked by Marcus Pettersson.
1:13 of 3rd period - Puck is out of play.
1:14 of 3rd period - Nazem Kadri wins face-off versus Connor McDavid in Oilers zone.
1:49 of 3rd period - Penalty to Darnell Nurse is over, Darnell Nurse is back on ice.
2:09 of 3rd period - Damon Severson is hit by Jamie McBain and loses puck.
2:23 of 3rd period - Penalty to Michael Del Zotto is over, Michael Del Zotto is back on ice.
4:13 of 3rd period - Noel Acciari is hit by Nazem Kadri and loses puck.
4:23 of 3rd period - Off-side.
4:24 of 3rd period - Anton Lander wins face-off versus Tyler Johnson in neutral zone.
4:44 of 3rd period - Minor Penalty to Anton Lander for Roughing.
4:45 of 3rd period - Ondrej Kase wins face-off versus Connor McDavid in Devils zone.
5:39 of 3rd period - Nazem Kadri is hit by Connor McDavid and loses puck.
6:44 of 3rd period - Penalty to Anton Lander is over, Anton Lander is back on ice.
7:32 of 3rd period - Snap shot by Greg Stewart.
7:32 of 3rd period - Shot Blocked by Eric Tangradi.
8:23 of 3rd period - Wrist shot by Sven Baertschi.
8:23 of 3rd period - Stopped by Carter Hart with a rebound.
8:51 of 3rd period - Thomas Hickey is hit by Christian Fischer and loses puck.
9:27 of 3rd period - Slapshot by Sean Monahan.
9:27 of 3rd period - Shot Blocked by Brett Lernout.
10:04 of 3rd period - Michael Del Zotto is hit by Jamie McBain and loses puck.
10:15 of 3rd period - Snap shot by Tyler Johnson.
10:15 of 3rd period - Shot Misses the Net.
10:17 of 3rd period - Wrist shot by Tyler Johnson.
10:17 of 3rd period - Shot Misses the Net.
10:19 of 3rd period - Wrist shot by Tyler Johnson.
10:19 of 3rd period - Stopped by Thomas McCollum without a rebound.
10:20 of 3rd period - Connor McDavid wins face-off versus Sean Monahan in Devils zone.
10:47 of 3rd period - Brandon Carlo is hit by Andrew Mangiapane and loses puck.
12:16 of 3rd period - Adam Gaudette is hit by Logan Shaw.
12:20 of 3rd period - Brayden Point is hit by Adam Gaudette and loses puck.
12:39 of 3rd period - Snap shot by Ondrej Kase.
12:39 of 3rd period - Stopped by Carter Hart with a rebound.
13:52 of 3rd period - Jamie Benn is hit by Kristopher Letang and loses puck.
15:26 of 3rd period - Minor Penalty to Mitch Marner for Roughing.
15:27 of 3rd period - Nazem Kadri wins face-off versus Tyler Johnson in Oilers zone.
15:32 of 3rd period - Wrist shot by Tyler Ennis.
15:32 of 3rd period - Stopped by Carter Hart without a rebound.
15:33 of 3rd period - Nazem Kadri wins face-off versus Tyler Johnson in Oilers zone.
15:46 of 3rd period - Tyler Ennis is hit by Tyler Johnson and loses puck.
17:26 of 3rd period - Penalty to Mitch Marner is over, Mitch Marner is back on ice.
19:28 of 3rd period - Eric Tangradi is hit by Jamie Benn.
19:56 of 3rd period - Slapshot by Anton Lander.
19:56 of 3rd period - Shot Blocked by Adam Gaudette.
Goals for this period are 0 for Oilers vs 0 for Devils.
Shots for this period are 1 for Oilers vs 4 for Devils.